 Dungeon Crawl Stone Soup version 0.21.1-1-g345015f (webtiles) character file.

254 Kagorn the Skirmisher (level 5, 0/42 HPs)
             Began as a Demonspawn Berserker on June 10, 2018.
             Was a Believer of Trog.
             Succumbed to a big kobold's poison
             ... on level 3 of the Dungeon.
             The game lasted 00:19:39 (1746 turns).

Kagorn the Skirmisher (Demonspawn Berserker)        Turns: 1746, Time: 00:19:40

Health: 0/42       AC: 14    Str: 22    XL:     5   Next: 90%
Magic:  5/5        EV:  3    Int: 14    God:    Trog [**....]
Gold:   171        SH: 14    Dex: 13    Spells: 4/4 levels left

rFire    . . .     SeeInvis +   a - +1 falchion
rCold    . . .     Gourm    .   i - +1 large shield {reflect}
rNeg     . . .     Faith    .   o - +0 plate armour
rPois    .         Spirit   .   (no helmet)
rElec    .         Reflect  +   l - +1 cloak
rCorr    +         Harm     .   n - +0 pair of gloves
MR       ++...                  (no boots)
Stlth    ..........             (no amulet)
HPRegen  1.14/turn              c - ring of resist corrosion
MPRegen  0.09/turn              r - ring of see invisible

@: mighty, brilliant, lethally poisoned (0 -> -1), regenerating
A: talons 2, nightstalker 1, spiny 1
a: Berserk, Trog's Hand, Burn Spellbooks, Renounce Religion


You were on level 3 of the Dungeon.
You worshipped Trog.
Trog was pleased with you.
You were not hungry.

You visited 1 branch of the dungeon, and saw 3 of its levels.

You collected 171 gold pieces.

Inventory:

Hand Weapons
 a - a +1 falchion (weapon)
 b - a +0 dagger of venom
Missiles
 m - 7 tomahawks (quivered)
Armour
 i - a +1 large shield of reflection (worn)
 l - a +1 cloak (worn)
 n - a +0 pair of gloves (worn)
 o - a +0 plate armour (worn)
Jewellery
 c - a ring of resist corrosion (left hand)
 r - a ring of see invisible (right hand)
Scrolls
 g - 2 scrolls of identify
Potions
 h - a potion of brilliance
 p - a potion of agility
 q - a potion of haste


   Skills:
 * Level 4.0 Fighting
 + Level 3.4 Long Blades
 + Level 2.7 Armour
 + Level 2.8 Dodging
 + Level 2.0 Stealth
 + Level 1.8 Shields


You had 4 spell levels left.
You didn't know any spells.

Dungeon Overview and Level Annotations

Branches:
Dungeon (3/15)

Altars:
Fedhas
Kikubaaqudgha
Ru


Innate Abilities, Weirdness & Mutations

You have razor-sharp toenails.
You are slightly more attuned to the shadows.
You are partially covered in sharp spines.


Message History

The dart slug is severely wounded.
* * * LOW HITPOINT WARNING * * *
You feel sick. You block the dart slug's attack.
You slash the dart slug!
You kill the dart slug!
Trog accepts your kill.
* * * LOW HITPOINT WARNING * * *
You feel very sick.
It was a potion of might.
You feel very mighty all of a sudden.
* * * LOW HITPOINT WARNING * * *
You feel sick.
You eat the ration.
That ration really hit the spot!
* * * LOW HITPOINT WARNING * * *
You feel sick.
* * * LOW HITPOINT WARNING * * *
You feel sick.
You see here a dagger of venom.
b - a dagger of venom You die...

.....K###.###
#.##..≈≈≈#...
#.##≈w≈≈≈≈≈≈ ### #.#
≈≈≈≈≈≈≈######...#
#.####≈≈≈###).)......
#....#####..))@..#
###....).)....######
#.).###.....### #.###
####### #.######
)....... ).###### #>#
#.#


There were no monsters in sight!

Vanquished Creatures
  A big kobold (D:3)
  The ghost of Babolexy the Caller, a weakling DDSu of Qazlal (D:3)
  3 gnolls (D:2)
  4 adders (D:2)
  An ooze (D:1)
  2 worms (D:2)
  2 dart slugs
  3 orcs (D:3)
  4 bats
  2 giant cockroaches
  6 goblins
  9 hobgoblins
  2 quokkas (D:2)
  A ball python (D:1)
  A frilled lizard (D:2)
  13 kobolds
  5 rats
60 creatures vanquished.

Notes
Turn   | Place    | Note
-------+----------+-------------------------------------------
     0 | D:1      | Kagorn the Demonspawn Berserker began the quest for the Orb.
     0 | D:1      | Reached XP level 1. HP: 18/18 MP: 1/1
   203 | D:1      | Gained mutation: You have sharp toenails. [demonic ancestry]
   203 | D:1      | Reached XP level 2. HP: 21/24 MP: 2/2
   550 | D:2      | Reached skill level 1 in Stealth
   581 | D:2      | Gained mutation: You are slightly more attuned to the shadows. [demonic ancestry]
   581 | D:2      | Reached XP level 3. HP: 24/29 MP: 3/3
   608 | D:2      | Found a sacrificial altar of Ru.
   631 | D:2      | HP: 1/29 [gnoll/spear (4)]
   646 | D:2      | Reached skill level 1 in Shields
   713 | D:2      | Gained mutation: You have razor-sharp toenails. [demonic ancestry]
   713 | D:2      | Reached XP level 4. HP: 23/35 MP: 4/4
   817 | D:2      | Reached ** piety under Trog
  1146 | D:2      | Found a blossoming altar of Fedhas.
  1627 | D:3      | Found an ancient bone altar of Kikubaaqudgha.
  1668 | D:3      | Noticed Babolexy's ghost (weakling DDSu)
  1682 | D:3      | Killed Babolexy's ghost
  1682 | D:3      | Gained mutation: You are partially covered in sharp spines. [demonic ancestry]
  1682 | D:3      | Reached XP level 5. HP: 37/42 MP: 5/5
  1738 | D:3      | Reached skill level 4 in Fighting
  1742 | D:3      | HP: 2/42 [poisoned by a big kobold]
  1746 | D:3      | Succumbed to a big kobold's poison

Skill      XL: |  1  2  3  4  5 |
---------------+----------------+-----
Armour         | 2 |  2.7
Dodging        | 2 |  2.8
Stealth        | 1 2 |  2.0
Long Blades    | 3 |  3.4
Shields        | 1 |  1.8
Fighting       | 4 |  4.0

Action                   |  1- 3 |  4- 6 || total
-------------------------+-------+-------++-------
Melee: Falchion          |    89 |   112 ||   201
       Kick              |    27 |    28 ||    55
Invok: Berserk           |       |     1 ||     1
       Trog's Hand       |       |     1 ||     1
  Use: Scroll            |     2 |     5 ||     7
       Potion            |     2 |     2 ||     4
  Eat: Ration            |       |     2 ||     2
       Chunk             |       |     1 ||     1
Armor: Ring mail         |    33 |       ||    33
       Leather armour    |     1 |       ||     1
       Plate armour      |     4 |    71 ||    75
Dodge: Dodged            |    19 |     2 ||    21
Block: Large shield      |    51 |    85 ||   136
       Reflection        |     2 |     1 ||     3
       Rpst.: Falchion   |     7 |       ||     7
